 Dungeon Crawl Stone Soup version 0.26.1-2-gb8aa6d0cf2 (webtiles) character file.

Game seed: 9498013992123729794

124 nightchill the Slasher (level 4, -6/34 HPs)
             Began as a Vampire Gladiator on Feb 28, 2021.
             Killed by nerve-wracking pain
             ... invoked by Grinder
              (11 damage)
             ... on level 3 of the Dungeon.
             The game lasted 00:06:09 (2193 turns).

nightchill the Slasher (Vampire Gladiator)          Turns: 2193, Time: 00:06:09

Health: -6/34      AC:  7    Str: 10 (13) XL:     4   Next: 81%
Magic:  4/4        EV: 13    Int:  8 (11) God:
Gold:   80         SH:  0    Dex: 14 (15) Spells: 3/3 levels left

rFire    . . .     SeeInvis +   a - +0 long sword
rCold    . . .     Faith    .   (no shield)
rNeg     . . .     Spirit   .   b - +0 leather armour
rPois    .         Reflect  .   c - +2 helmet
rElec    .         Harm     .   (no cloak)
rCorr    .         Rampage  .   (no gloves)
Will     .....                  p - +0 pair of boots
Stlth    ++........             (no amulet)
HPRegen  0.31/turn              (no ring)
MPRegen  0.09/turn              (no ring)

@: regenerating quickly
A: fangs 3, see invisible, unbreathing
a: Exsanguinate


You were on level 3 of the Dungeon.
You visited 1 branch of the dungeon, and saw 3 of its levels.

You collected 80 gold pieces.

Inventory:

Hand Weapons
 a - a +0 long sword (weapon)
Missiles
 g - 6 javelins (quivered)
Armour
 b - a +0 leather armour (worn)
 c - a +2 helmet (worn)
 j - a +2 hat
 p - a +0 pair of boots (worn)
Jewellery
 q - an uncursed amulet of faith
Scrolls
 e - a scroll of identify {unknown}
 h - a scroll of blinking {unknown}
 i - 3 scrolls of remove curse
 r - 4 scrolls of amnesia {unknown}
 s - a scroll of teleportation {unknown}
 t - a scroll of enchant armour {unknown}
Potions
 f - a potion of haste {unknown}
 k - a potion of ambrosia {unknown}
 l - a potion of curing {unknown}
 n - a potion of flight {unknown}
 o - a potion of degeneration


   Skills:
 + Level 2.7 Fighting
 * Level 4.5 Long Blades
 - Level 1.5 Throwing
 - Level 3.2 Dodging
 + Level 3.3 Stealth


You had 3 spell levels left.
You didn't know any spells.
Your spell library was empty.

Dungeon Overview and Level Annotations

Branches:
Dungeon (3/15)

Altars:
Nemelex Xobeh

Annotations:
D:1 exclusion: downstairs
D:3 Grinder


Innate Abilities, Weirdness & Mutations

Your natural rate of healing is unusually fast.
You have razor-sharp teeth.
You have supernaturally acute eyesight. (SInv)
You can survive without breathing.


Message History

* * * LOW HITPOINT WARNING * * *
Grinder gestures at you. Pain shoots through your body!
* * * LOW HITPOINT WARNING * * *
Throw: dart (atropa)
Press: ? - help, Q - select action, (/) - cycle Shift-Dir - straight line, f/p - Grinder
Aim: Grinder, carrying a wand of polymorph (12) (lightly wounded, 55% to hit, chance to blind on hit: 51%)
You throw an atropa-tipped dart. The atropa-tipped dart hits Grinder.
Grinder resists.
Grinder is lightly wounded.
Throw: 6 javelins
Press: ? - help, Q - select action Shift-Dir - straight line, f/p - Grinder
Aim: Grinder, carrying a wand of polymorph (12) (lightly wounded, 55% to hit)
Okay, then.
It was a potion of degeneration.
There was something very wrong with that liquid.
You feel weakened.
You feel dopey.
You feel clumsy. Grinder gestures at you. Pain shoots through your body!
You die...

#+# #(# #.#
##.#######
##.(.......
#..5..# ##.@.##
##. ##..# ....
#.####..##...#
#....>.......#)
######.........
#.######## #.#
#.# ####.#####


You could see Grinder.

Vanquished Creatures
  Terence (D:2)
  Robin (D:2)
  An adder (D:2)
  A white imp (D:3)
  2 worms (D:2)
  2 leopard geckos
  4 giant cockroaches
  14 goblins
  5 hobgoblins
  7 jackals
  6 kobolds
  7 bats
  5 frilled lizards
  4 rats
60 creatures vanquished.

Vanquished Creatures (others)
  4 toadstools (D:1)
4 creatures vanquished.

Grand Total: 64 creatures vanquished

Notes
Turn   | Place    | Note
-------+----------+-------------------------------------------
     0 | D:1      | nightchill the Vampire Gladiator began the quest for the
                  | Orb.
     0 | D:1      | Reached XP level 1. HP: 16/16 MP: 1/1
    72 | D:1      | Reached skill level 1 in Stealth
   242 | D:1      | Reached XP level 2. HP: 22/22 MP: 2/2
   466 | D:1      | Found a sparkling altar of Nemelex Xobeh.
  1013 | D:2      | Reached XP level 3. HP: 22/27 MP: 3/3
  1391 | D:2      | Noticed Terence
  1413 | D:2      | Killed Terence
  1414 | D:2      | Reached skill level 4 in Long Blades
  1416 | D:2      | Reached XP level 4. HP: 34/34 MP: 4/4
  1526 | D:2      | Noticed Robin
  1648 | D:2      | Killed Robin
  2178 | D:3      | Noticed Grinder
  2179 | D:3      | Paralysed by Grinder for 6 turns
  2193 | D:3      | Killed from afar by Grinder

Illustrated notes

Levels and vault maps discovered:
D:1:      ldierk_walled_garden_2, layout_basic, chequers_serial_rivers_large_a,
          nemelex_diamond_rough_becter
D:2:      layout_basic, nrook_mini_vaults, st_stairs_13, uniq_robin,
          uniq_terence
D:3:      layout_loops_corners, due_unseen_surprise, uniq_ijyb, uniq_grinder

Skill      XL: |  1  2  3  4 |
---------------+-------------+-----
Stealth        | 1 2 3 |  3.3
Fighting       | 2 |  2.7
Long Blades    | 4 |  4.5
Throwing       | |  1.5
Dodging        | |  3.2

Action                   |  1- 3 |  4- 6 || total
-------------------------+-------+-------++-------
Melee: Long sword        |    88 |    63 ||   151
       Bite              |    11 |     8 ||    19
Throw: Throwing net      |     2 |     1 ||     3
       Dart              |       |     4 ||     4
  Use: Scroll            |     1 |       ||     1
       Potion            |       |     1 ||     1
 Stab: Sleeping          |     3 |       ||     3
       Held in net/web   |     1 |       ||     1
Armor: Leather armour    |    18 |    28 ||    46
Dodge: Dodged            |    62 |    39 ||   101
       Rpst.: Long sword |    18 |    10 ||    28
